 Dungeon Crawl Stone Soup version 0.20-a0-9-g62d82d9 (webtiles) character file.

75 Maramoto the Digger (level 4, 0/24 HPs)
             Began as a Gargoyle Earth Elementalist on Nov 1, 2016.
             Slain by Gobser's ghost (9 damage)
             ... on level 3 of the Dungeon.
             The game lasted 00:07:53 (1825 turns).

Maramoto the Digger (Gargoyle Earth Elementalist)   Turns: 1825, Time: 00:07:56

Health: 0/24       AC:  5    Str: 12    XL:     4   Next: 31%
Magic:  9/9        EV: 12    Int: 16    God:
Gold:   85         SH:  0    Dex: 10    Spells: 2 memorised, 5 levels left

rFire  . . .     SeeInvis .     q - +1 dagger (elec)
rCold  . . .     Gourm    .     c - +0 robe
rNeg   + . .     Faith    .     (no shield)
rPois  ∞         Spirit   .     (no helmet)
rElec  +         Reflect  .     (no cloak)
rCorr  .         Harm     .     (no gloves)
MR     .....                    (no boots)
Stlth  ++........               (no amulet)
                                (no ring)
                                (no ring)

@: no status effects
A: negative energy resistance 1, electricity resistance, unbreathing,
petrification resistance, rot immunity, AC +3
a: no special abilities


You were on level 3 of the Dungeon.
You were not hungry.

You visited 1 branch of the dungeon, and saw 3 of its levels.

You collected 85 gold pieces.

Inventory:

Hand Weapons
 g - a +0 hand axe
 i - a +0 dagger
 k - a cursed -1 mace
 q - a +1 dagger of electrocution (weapon)
Missiles
 b - 43 stones (quivered)
Armour
 c - a +0 robe (worn)
Scrolls
 m - 3 scrolls of teleportation
 p - a scroll of fog
Potions
 u - a potion of lignification
Books
 e - a book of Geomancy

   Spells                             Type                      Level
   a - Sandblast                      Earth                        1
   b - Passwall                       Transmutation/Earth          2
   c - Stone Arrow                    Conjuration/Earth            3
   d - Petrify                        Transmutation/Earth          4
   e - Lee's Rapid Deconstruction     Earth                        5
Comestibles
 a - a chunk of flesh
 d - 2 bread rations
 h - a meat ration


   Skills:
 - Level 1.5 Dodging
 - Level 2.1 Stealth
 * Level 3.4 Spellcasting
 + Level 1.2 Conjurations
   Level 0.7 Transmutations
 + Level 4.3 Earth Magic


You had 5 spell levels left.
You knew the following spells:

 Your Spells              Type           Power        Failure   Level  Hunger
a - Sandblast             Erth           ###...       3%          1    None
b - Stone Arrow           Conj/Erth      ##....       17%         3    ###....


Dungeon Overview and Level Annotations

Branches:
Dungeon (3/15)

Altars:
Xom

Annotations:
D:3 Gobser's ghost, amateur MiCK


Innate Abilities, Weirdness & Mutations

You are resistant to torment.
Your stone body is resilient. (AC +3)
You are immune to poison.
You resist negative energy. (rN+)
You are resistant to electric shocks. (rElec)
You can survive without breathing.
You are immune to petrification.
You are immune to rotting.


Message History

You barely miss the bullfrog.
The bullfrog is lightly wounded.
The bullfrog barely misses you. The dart slug barely misses you.
Gobser's ghost hits you but does no damage.
You hit the bullfrog.
The bullfrog is heavily wounded.
The bullfrog closely misses you. The bullfrog misses you.
Gobser's ghost hits you but does no damage.
You hit the bullfrog.
The bullfrog is heavily wounded.
The bullfrog completely misses you.
The dart slug bites you but does no damage.
Gobser's ghost hits you but does no damage.
You hit the bullfrog.
The bullfrog is severely wounded.
The bullfrog closely misses you.
The bullfrog hits you but does no damage.
The dart slug launches a dart at you. The slug dart hits you!
Gobser's ghost hits you!
You die...

...######..#....# #....
#...###....#..#.###### #....
##......##..$##......# *****,,,,
#..[#..###..(†......# *,,,,,,,,
##....#..##.#(.......###*,**,,,,,
.......%....(...........,,,,,**,>
...###.................#*********
#......##..####.........,,,*
#........†...###@#....#.,,,******
#.#####........WwF......,,,,,,,,,
..,,,.................##,,,,,,,**
****###...(......##.....,,,,,,,,,
* #.....?.....,.....****,,,,, *
**#....#..#...,,....*****,,,, *
**,)..#........,,,...,,,,,**,, *
*,,**,*#####....,,..#*,*,,,,,*
****,***,* *,,,,,,,,,,,*,***,*


You could see a bullfrog, Gobser's ghost and a dart slug.

Vanquished Creatures
  An adder (D:3)
  2 oozes
  2 worms
  A dart slug (D:2)
  2 leopard geckos
  An orc (D:3)
  3 giant cockroaches (D:2)
  6 goblins
  2 hobgoblins
  A jackal (D:2)
  3 quokkas
  A ball python (D:3)
  9 bats
  2 frilled lizards
  6 kobolds
  6 rats
48 creatures vanquished.

Notes
Turn   | Place    | Note
-------+----------+-------------------------------------------
     0 | D:1      | Maramoto the Gargoyle Earth Elementalist began the quest for the Orb.
     0 | D:1      | Reached XP level 1. HP: 10/10 MP: 3/3
   201 | D:1      | Reached XP level 2. HP: 15/15 MP: 1/5
   626 | D:1      | Found a shimmering altar of Xom.
   808 | D:1      | Reached skill level 4 in Earth Magic
   998 | D:2      | Reached XP level 3. HP: 18/19 MP: 7/7
  1006 | D:2      | Learned a level 3 spell: Stone Arrow
  1800 | D:3      | Reached skill level 1 in Conjurations
  1800 | D:3      | Reached XP level 4. HP: 24/24 MP: 9/9
  1811 | D:3      | Noticed a bullfrog
  1813 | D:3      | Noticed Gobser's ghost (amateur MiCK)
  1825 | D:3      | Slain by Gobser's ghost

Vault maps used:
D:1:      dpeg_arrival_stonehenge_12_columns, xom_teletrap_fun
D:2:      first_bread, minivault_25, st_stairs_12
D:3:      regret_index_temple_of_mockery

Skill      XL: |  1  2  3 |
---------------+----------+-----
Earth Magic    | 4 |  4.3
Spellcasting   | 3 |  3.4
Conjurations   | 1 |  1.2
Dodging        | |  1.5
Stealth        | |  2.1
Transmutations | |  0.7

Action                   |  1- 3 |  4- 6 || total
-------------------------+-------+-------++-------
Melee: Dagger            |    75 |    19 ||    94
 Cast: Sandblast         |    22 |       ||    22
  Use: Scroll            |    11 |       ||    11
 Stab: Sleeping          |     4 |       ||     4
  Eat: Chunk             |     3 |       ||     3
Armor: Robe              |    32 |     9 ||    41
Dodge: Dodged            |    43 |    28 ||    71
